 Dungeon Crawl Stone Soup version 0.23.0-3-gf3c87f2 (webtiles) character file.

Game seed: 13750502782764753970

9174 vishdafish the Blocker (level 11, -1/89 HPs)
             Began as a Gnoll Fighter on Feb 23, 2019.
             Was an Elder of Yredelemnul.
             Slain by a tentacled starspawn (17 damage)
             ... on level 2 of the Abyss.
             The game lasted 00:17:04 (10283 turns).

vishdafish the Blocker (Gnoll Fighter)             Turns: 10283, Time: 00:17:04

Health: -1/89      AC: 14    Str: 26    XL:     11   Next: 42%
Magic:  20/20      EV:  6    Int: 11    God:    Yredelemnul [****..]
Gold:   504        SH: 12    Dex: 15    Spells: 20/22 levels left

rFire    . . .     SeeInvis .   B - +6 scimitar (freeze)
rCold    . . .     Gourm    .   c - +0 shield
rNeg     + . .     Faith    .   P - +0 plate armour "Jyejeump" {-Tele rElec rPois rN+}
rPois    +         Spirit   .   (no helmet)
rElec    +         Reflect  .   (no cloak)
rCorr    .         Harm     .   (no gloves)
MR       .....     NoTele   +   (no boots)
Stlth    ..........             (no amulet)
HPRegen  0.24/turn              r - ring of wizardry
MPRegen  0.17/turn              K - ring of flight

@: mighty, constricted
A: distributed training, fangs 1, strong nose
a: Recall Undead Slaves, Injury Mirror, Animate Dead, Drain Life, Renounce
Religion, Evoke Flight


You were on level 2 of the Abyss.
You worshipped Yredelemnul.
Yredelemnul was greatly pleased with you.
You were not hungry.

You visited 2 branches of the dungeon, and saw 11 of its levels.
You visited the Abyss 1 time.
You also visited: Ossuary.

You collected 644 gold pieces.
You spent 140 gold pieces at shops.

Inventory:

Hand Weapons
 a - a +0 long sword
 l - a +2 trident of venom
 B - a +6 scimitar of freezing (weapon)
Armour
 b - a +0 scale mail
 c - a +0 shield (worn)
 I - a +0 chain mail of fire resistance
 P - the +0 plate armour "Jyejeump" (worn) {-Tele rElec rPois rN+}
   (You found it on level 10 of the Dungeon)

   It insulates you from electricity.
   It protects you from poison.
   It protects you from negative energy.
   It prevents most forms of teleportation.
Jewellery
 r - a ring of wizardry (left hand)
 K - a ring of flight (right hand)
 L - an uncursed ring of poison resistance
Wands
 j - a wand of random effects (1)
 n - a wand of paralysis (8)
 v - a wand of polymorph (10)
 F - a wand of digging (11)
Scrolls
 e - 2 scrolls of enchant armour
 g - 2 scrolls of magic mapping
 i - 6 scrolls of teleportation
 k - a scroll of fear
 o - a scroll of immolation
 t - 4 scrolls of enchant weapon {unknown}
 u - a scroll of random uselessness {unknown}
 y - 2 scrolls of fog {unknown}
 G - 2 scrolls of amnesia {unknown}
 J - a scroll of identify
 M - 2 scrolls of blinking {unknown}
Potions
 d - 2 potions of agility {unknown}
 h - 3 potions of brilliance
 m - 2 potions of berserk rage {unknown}
 p - a potion of magic {unknown}
 q - 4 potions of flight
 w - 2 potions of mutation {unknown}
 x - 2 potions of resistance {unknown}
 z - a potion of cancellation {unknown}
 A - 2 potions of ambrosia {unknown}
 C - 4 potions of heal wounds
 D - 7 potions of curing
 E - 3 potions of degeneration {unknown}
 N - a potion of might
 O - a potion of invisibility {unknown}
Comestibles
 f - 15 rations


   Skills:
 + Level 9.1 Fighting
 + Level 6.1 Short Blades
 + Level 7.8 Long Blades
 + Level 6.1 Axes
 + Level 6.1 Maces & Flails
 + Level 6.1 Polearms
 + Level 6.1 Staves
 + Level 6.1 Slings
 + Level 6.1 Bows
 + Level 6.1 Crossbows
 + Level 6.1 Throwing
 + Level 9.1 Armour
 + Level 6.1 Dodging
 + Level 6.1 Stealth
 + Level 9.1 Shields
 + Level 6.1 Unarmed Combat
 + Level 6.1 Spellcasting
 + Level 5.1 Conjurations
 + Level 5.1 Hexes
 + Level 5.1 Charms
 + Level 5.1 Summonings
 + Level 5.1 Necromancy
 + Level 5.1 Translocations
 + Level 5.1 Transmutations
 + Level 5.1 Fire Magic
 + Level 5.1 Ice Magic
 + Level 5.1 Air Magic
 + Level 5.1 Earth Magic
 + Level 5.1 Poison Magic
 + Level 6.7 Invocations
 + Level 6.1 Evocations


You had 20 spell levels left.
You knew the following spells:

 Your Spells              Type           Power        Failure   Level  Hunger
a - Song of Slaying       Chrm           ##......     28%         2    ##.....

Your spell library contained the following spells:

 Spells                   Type           Power        Failure   Level  Hunger
 Animate Skeleton         Necr           N/A          21%         1    None
 Apportation              Tloc           ##....       21%         1    None
 Beastly Appendage        Tmut           ##....       21%         1    None
 Confusing Touch          Hex            ##....       21%         1    None
 Magic Dart               Conj           ##..         21%         1    None
 Summon Small Mammal      Summ           ##..         21%         1    None
 Blink                    Tloc           N/A          28%         2    ##.....
 Call Imp                 Summ           ##......     28%         2    ##.....
 Slow                     Hex            ##......     28%         2    ##.....
 Sticks to Snakes         Tmut           ##......     28%         2    ##.....
 Conjure Flame            Conj/Fire      ##......     50%         3    ###....
 Mephitic Cloud           Conj/Pois/Air  ##......     50%         3    ###....
 Spectral Weapon          Hex/Chrm       ##......     50%         3    ###....
 Spider Form              Tmut/Pois      ##........   50%         3    ###....
 Ice Form                 Ice/Tmut       ##......     86%         4    ####...
 Blade Hands              Tmut           ##........   99%         5    ######.
 Statue Form              Tmut/Erth      ##.......    100%        6    #######
 Dragon Form              Tmut           ##........   100%        7    #######


Dungeon Overview and Level Annotations

Branches:
Dungeon (10/15)            Temple (1/1) D:5            Lair (0/6) D:10
    Orc (0/2) D:9

Altars:
Ashenzari
Dithmenos
Elyvilon
Fedhas
Hepliaklqana
Kikubaaqudgha
Nemelex Xobeh
Ru
Yredelemnul

Shops:
D:4 (   D:7 **

Annotations:
D:10 Erolcha


Innate Abilities, Weirdness & Mutations

Your experience applies equally to all skills.
You have very sharp teeth.
Your uncanny sense of smell can sniff out nearby items.


Message History

The tentacled starspawn barely misses you.
The starspawn tentacle closely misses you.
The starspawn tentacle grabs you. The starspawn tentacle constricts you.
You slash the tentacled starspawn! You freeze the tentacled starspawn.
The starspawn tentacle loses its grip on you.
You bite the tentacled starspawn.
The tentacled starspawn is severely damaged.
The tentacled starspawn bites you but does no damage.
The tentacled starspawn engulfs you but does no damage.
The starspawn tentacle grabs you. The starspawn tentacle constricts you.
Your plate armour "Jyejeump" prevents you from hitting the tentacled starspawn.
The starspawn tentacle loses its grip on you.
The tentacled starspawn is severely damaged.
You block the tentacled starspawn's attack.
The tentacled starspawn engulfs you! The starspawn tentacle grabs you.
The starspawn tentacle constricts you. The tentacled starspawn bites you!
* * * LOW HITPOINT WARNING * * *
The tentacled starspawn engulfs you!
You die...
Your body rises from the dead as a mindless zombie.

.. .# .# .# .#
# ##.#.##.#
#.#####.w....#.
#......@X......
#######w.##....
##.# # .# .# ∆
.# ∆ ##


You could see a tentacled starspawn and 2 starspawn tentacles.

Vanquished Creatures
  Harold (D:7)
  2 two-headed ogres
  An unseen horror (D:10)
  Pikel (D:5)
  Psyche (D:9)
  A troll (D:10)
  Grinder (D:3)
  2 hippogriffs
  A wraith (D:10)
  2 hungry ghosts
  Edmund (D:4)
  An orc warrior (D:6)
  2 sky beasts
  2 ice beasts
  A slave (D:5)
  A black bear (D:10)
  A necrophage (D:7)
  3 phantoms
  A hornet zombie (D:10)
  A centaur (D:9)
  2 ogres (D:8)
  4 bullfrogs
  2 big kobolds (D:10)
  A gnoll sergeant (D:10)
  5 water moccasin zombies (Ossuary)
  A wyvern skeleton (D:10)
  3 scorpions
  3 troll zombies (D:9)
  8 electric eels
  3 wights (D:6)
  2 howler monkeys
  2 bullfrog zombies (D:9)
  2 crimson imps (D:5)
  A centaur zombie (D:7)
  4 jellies
  5 orc priests
  A bullfrog skeleton (D:7)
  A gnoll shaman (D:4)
  11 hounds
  5 iguanas
  Jessica (D:3)
  Terence (D:3)
  9 worker ants
  3 ogre zombies (D:9)
  3 big kobold zombies (Ossuary)
  A hound skeleton (D:10)
  2 mummies (Ossuary)
  3 worker ant zombies
  9 gnolls
  13 adders
  5 shadow imps
  3 oozes
  An adder skeleton (D:5)
  3 adder zombies
  3 worms
  A dart slug (D:1)
  2 leopard geckos
  21 orcs
  A ball python (D:6)
  4 giant cockroaches
  5 goblins
  8 hobgoblins
  4 jackals (D:7)
  3 quokkas
  A bat (D:2)
  6 frilled lizards
  3 gnoll zombies (Ossuary)
  3 goblin zombies (D:9)
  6 hobgoblin zombies
  9 kobolds
  3 kobold zombies (Ossuary)
  5 orc skeletons (D:9)
  11 orc zombies
  4 rats
253 creatures vanquished.

Vanquished Creatures (collateral kills)
  A bullfrog (D:10)
  2 electric eels (D:10)
  A crimson imp (D:10)
  A hound (D:10)
5 creatures vanquished.

Vanquished Creatures (others)
  A troll zombie (D:10)
  3 hound zombies (D:10)
  A mummy (D:10)
  A kobold (D:10)
  A plant (D:7)
7 creatures vanquished.

Grand Total: 265 creatures vanquished

Notes
Turn   | Place    | Note
-------+----------+-------------------------------------------
     0 | D:1      | vishdafish the Gnoll Fighter began the quest for the Orb.
     0 | D:1      | Reached XP level 1. HP: 23/23 MP: 1/1
   124 | D:1      | Reached XP level 2. HP: 29/29 MP: 2/2
   685 | D:2      | Reached XP level 3. HP: 30/35 MP: 3/3
   739 | D:2      | Reached skill level 1 in Invocations
   834 | D:2      | Reached skill level 1 in Short Blades
   834 | D:2      | Reached skill level 1 in Axes
   834 | D:2      | Reached skill level 1 in Maces & Flails
   834 | D:2      | Reached skill level 1 in Polearms
   834 | D:2      | Reached skill level 1 in Staves
   834 | D:2      | Reached skill level 1 in Slings
   834 | D:2      | Reached skill level 1 in Bows
   834 | D:2      | Reached skill level 1 in Crossbows
   834 | D:2      | Reached skill level 1 in Throwing
   834 | D:2      | Reached skill level 1 in Dodging
   834 | D:2      | Reached skill level 1 in Stealth
   834 | D:2      | Reached skill level 1 in Unarmed Combat
   834 | D:2      | Reached skill level 1 in Spellcasting
   834 | D:2      | Reached skill level 1 in Evocations
  1038 | D:2      | Reached XP level 4. HP: 41/41 MP: 5/5
  1412 | D:3      | Found a transporter.
  1470 | D:3      | Found a transporter.
  1482 | D:3      | Noticed Grinder
  1494 | D:3      | Paralysed by Grinder for 4 turns
  1504 | D:3      | Killed Grinder
  1504 | D:3      | Reached skill level 1 in Conjurations
  1504 | D:3      | Reached skill level 1 in Hexes
  1504 | D:3      | Reached skill level 1 in Charms
  1504 | D:3      | Reached skill level 1 in Summonings
  1504 | D:3      | Reached skill level 1 in Necromancy
  1504 | D:3      | Reached skill level 1 in Translocations
  1504 | D:3      | Reached skill level 1 in Transmutations
  1504 | D:3      | Reached skill level 1 in Fire Magic
  1504 | D:3      | Reached skill level 1 in Ice Magic
  1504 | D:3      | Reached skill level 1 in Air Magic
  1504 | D:3      | Reached skill level 1 in Earth Magic
  1504 | D:3      | Reached skill level 1 in Poison Magic
  1504 | D:3      | Reached XP level 5. HP: 9/47 MP: 5/7
  1504 | D:3      | Reached XP level 6. HP: 10/53 MP: 5/8
  1750 | D:3      | Noticed Jessica
  1752 | D:3      | Killed Jessica
  1752 | D:3      | Reached skill level 5 in Long Blades
  1903 | D:3      | Noticed Terence
  1912 | D:3      | Killed Terence
  2203 | D:4      | Noticed Edmund
  2210 | D:4      | Killed Edmund
  2210 | D:4      | Reached XP level 7. HP: 47/60 MP: 10/10
  2957 | D:4      | Found Ubran's Weapon Emporium.
  2968 | D:4      | Reached XP level 8. HP: 67/67 MP: 12/12
  3205 | D:5      | Entered Level 5 of the Dungeon
  3337 | D:5      | Found a staircase to the Ecumenical Temple.
  3355 | Temple   | Entered the Ecumenical Temple
  3363 | Temple   | Became a worshipper of Yredelemnul the Dark
  3924 | D:6      | Noticed Pikel
  4200 | D:5      | Killed Pikel
  4200 | D:5      | Reached XP level 9. HP: 40/73 MP: 14/14
  4399 | D:6      | Reached * piety under Yredelemnul
  4703 | D:7      | Found a sand-covered staircase.
  4709 | Ossuary  | Entered an ossuary
  5129 | D:7      | Noticed Harold
  5140 | D:7      | Found Miru's Assorted Antiques.
  5146 | D:7      | Killed Harold
  5146 | D:7      | Reached skill level 5 in Invocations
  5169 | D:7      | Bought a ruby potion for 15 gold pieces
  5169 | D:7      | Bought a scroll labeled HIPTAT GEFU for 17 gold pieces
  5169 | D:7      | Bought a scroll of magic mapping for 59 gold pieces
  5169 | D:7      | Bought a scroll of identify for 34 gold pieces
  5169 | D:7      | Bought a blue potion for 15 gold pieces
  5212 | D:7      | Reached XP level 10. HP: 78/80 MP: 17/17
  5266 | D:7      | Found Herghim's General Store.
  6629 | D:7      | Reached ** piety under Yredelemnul
  6859 | D:8      | Reached skill level 5 in Short Blades
  6859 | D:8      | Reached skill level 5 in Axes
  6859 | D:8      | Reached skill level 5 in Maces & Flails
  6859 | D:8      | Reached skill level 5 in Polearms
  6859 | D:8      | Reached skill level 5 in Staves
  6859 | D:8      | Reached skill level 5 in Slings
  6859 | D:8      | Reached skill level 5 in Bows
  6859 | D:8      | Reached skill level 5 in Crossbows
  6859 | D:8      | Reached skill level 5 in Throwing
  6859 | D:8      | Reached skill level 5 in Dodging
  6859 | D:8      | Reached skill level 5 in Stealth
  6859 | D:8      | Reached skill level 5 in Unarmed Combat
  6859 | D:8      | Reached skill level 5 in Spellcasting
  6859 | D:8      | Reached skill level 5 in Evocations
  7239 | D:8      | Noticed a two-headed ogre
  7249 | D:8      | Killed a two-headed ogre
  7668 | D:8      | Identified the Reference Book on Shifting Enhancements
  7675 | D:8      | Learned a level 2 spell: Song of Slaying
  7994 | D:9      | Noticed Psyche
  8316 | D:9      | Reached *** piety under Yredelemnul
  8319 | D:9      | Killed Psyche
  8338 | D:9      | Found a staircase to the Orcish Mines.
  8365 | D:9      | Reached XP level 11. HP: 40/87 MP: 19/19
  8914 | D:9      | Found a white marble altar of Elyvilon.
  8954 | D:10     | Entered Level 10 of the Dungeon
  9058 | D:10     | Noticed a two-headed ogre
  9067 | D:10     | Killed a two-headed ogre
  9152 | D:10     | Reached **** piety under Yredelemnul
  9302 | D:10     | Got a jewelled plate armour
  9331 | D:10     | Reached skill level 5 in Conjurations
  9331 | D:10     | Reached skill level 5 in Hexes
  9331 | D:10     | Reached skill level 5 in Charms
  9331 | D:10     | Reached skill level 5 in Summonings
  9331 | D:10     | Reached skill level 5 in Necromancy
  9331 | D:10     | Reached skill level 5 in Translocations
  9331 | D:10     | Reached skill level 5 in Transmutations
  9331 | D:10     | Reached skill level 5 in Fire Magic
  9331 | D:10     | Reached skill level 5 in Ice Magic
  9331 | D:10     | Reached skill level 5 in Air Magic
  9331 | D:10     | Reached skill level 5 in Earth Magic
  9331 | D:10     | Reached skill level 5 in Poison Magic
  9331 | D:10     | Received a gift from Yredelemnul (a mummy)
  9376 | D:10     | Killed an unseen horror
  9867 | D:10     | Identified the cursed +0 plate armour "Jyejeump" {-Tele
                  | rElec rPois rN+} (You found it on level 10 of the Dungeon)
  9896 | D:10     | Found a staircase to the Lair.
 10162 | D:10     | Noticed Erolcha
 10178 | D:10     | Cast into level 2 of the Abyss (Erolcha)
 10272 | Abyss:2  | Noticed a tentacled starspawn
 10283 | Abyss:2  | Slain by a tentacled starspawn

Skill      XL: |  1  2  3  4  5  6  7  8  9 10 11 |
---------------+----------------------------------+-----
Invocations    | 1 2 3 4 5 6 |  6.7
Short Blades   | 1 2 3 4 5 6 |  6.1
Axes           | 1 2 3 4 5 6 |  6.1
Maces & Flails | 1 2 3 4 5 6 |  6.1
Polearms       | 1 2 3 4 5 6 |  6.1
Staves         | 1 2 3 4 5 6 |  6.1
Slings         | 1 2 3 4 5 6 |  6.1
Bows           | 1 2 3 4 5 6 |  6.1
Crossbows      | 1 2 3 4 5 6 |  6.1
Throwing       | 1 2 3 4 5 6 |  6.1
Dodging        | 1 2 3 4 5 6 |  6.1
Stealth        | 1 2 3 4 5 6 |  6.1
Unarmed Combat | 1 2 3 4 5 6 |  6.1
Spellcasting   | 1 2 3 4 5 6 |  6.1
Evocations     | 1 2 3 4 5 6 |  6.1
Conjurations   | 1 2 3 4 5 |  5.1
Hexes          | 1 2 3 4 5 |  5.1
Charms         | 1 2 3 4 5 |  5.1
Summonings     | 1 2 3 4 5 |  5.1
Necromancy     | 1 2 3 4 5 |  5.1
Translocations | 1 2 3 4 5 |  5.1
Transmutations | 1 2 3 4 5 |  5.1
Fire Magic     | 1 2 3 4 5 |  5.1
Ice Magic      | 1 2 3 4 5 |  5.1
Air Magic      | 1 2 3 4 5 |  5.1
Earth Magic    | 1 2 3 4 5 |  5.1
Poison Magic   | 1 2 3 4 5 |  5.1
Long Blades    | 5 6 7 |  7.8
Fighting       | 7 8 9 |  9.1
Armour         | 7 8 9 |  9.1
Shields        | 7 8 9 |  9.1

Action                   |  1- 3 |  4- 6 |  7- 9 | 10-12 || total
-------------------------+-------+-------+-------+-------++-------
Melee: Long sword        |    62 |       |       |       ||    62
       Bite              |     8 |     5 |    45 |    38 ||    96
       Trident           |    10 |    57 |   216 |       ||   283
       Unarmed           |       |       |     3 |       ||     3
       Scimitar          |       |       |    94 |   331 ||   425
Throw: Throwing net      |       |       |       |     4 ||     4
 Cast: Song of Slaying   |       |       |       |     1 ||     1
Invok: Animate Dead      |       |       |       |     1 ||     1
Evoke: Wand              |       |     1 |     9 |    33 ||    43
  Use: Potion            |       |     1 |       |     5 ||     6
       Scroll            |       |     7 |     3 |     5 ||    15
 Stab: Paralysed         |       |       |    10 |    14 ||    24
       Sleeping          |       |       |     1 |     2 ||     3
       Held in net/web   |       |       |       |     2 ||     2
       Distracted        |       |       |       |     1 ||     1
  Eat: Chunk             |       |     4 |     7 |    12 ||    23
       Ration            |       |       |     1 |     2 ||     3
Armor: Scale mail        |    32 |     8 |    71 |    33 ||   144
       Chain mail        |       |       |       |    26 ||    26
       Plate armour      |       |       |       |     2 ||     2
Dodge: Dodged            |    14 |    10 |    87 |   108 ||   219
Block: Shield            |    27 |     5 |   151 |   153 ||   336
       Rpst.: Long sword |     8 |       |       |       ||     8
       Scimitar          |       |       |    13 |    25 ||    38
